[Event "ICC tourney 2049 (75 10)"]
[Site "Internet Chess Club"]
[Date "2020.10.11"]
[Round "5"]
[White "ZaeemA"]
[Black "Adhvaith0406"]
[Result "0-1"]
[ICCResult "White resigns"]
[WhiteElo "1643"]
[BlackElo "2000"]
[Opening "Sicilian: Najdorf"]
[ECO "B90"]
[NIC "SI.14"]
[Time "11:06:25"]
[TimeControl "4500+10"]

1. e4 c5 2. Nf3 d6 3. d4 cxd4 4. Nxd4 Nf6 5. Nc3 a6 6. f3 e5 7. Nb3 Be6 8.
Be3 Be7 9. Qd2 O-O 10. O-O-O Nbd7 11. h4 b5 12. Nd5 Bxd5 13. exd5 Nb6 14.
Bxb6 Qxb6 15. Kb1 a5 16. g4 a4 17. Nc1 Rfc8 18. Bd3 Qc5 19. Bf5 Rc7 20. h5
h6 21. g5 hxg5 22. Rdg1 Nd7 23. Bxd7 Rxd7 24. a3 Rc7 25. Rg2 Bf6 26. c3 Re8
27. Rg4 Rce7 28. Qd3 e4 29. fxe4 Qc4 30. Qxc4 bxc4 31. e5 Rxe5 32. Rxc4 Rxd5
33. Rxa4 Be5 34. Re1 Rb8 35. Kc2 f5 36. b3 g4 37. Nd3 Rxd3 38. Kxd3 Rxb3 39.
Rc4 Rxa3 40. Rf1 f4 41. Rf2 Kh7 42. Rfxf4 d5 43. Rcd4 g3 44. Rg4 Bxd4 45.
Rxd4 g2 46. Rg4 Ra2 47. Ke3 Kh6 48. Kf3 Rc2 49. Rg6+ Kh7 50. Kf4 Rxc3 51.
Rxg2 Rc8 52. Rd2 Rd8 53. Ke5 d4 54. Rd3 Kh6 55. Kf5 Rd7 56. Ke6 Rd8 57. Kf5
Rf8+ 58. Kg4 Rd8 59. Kf5 Rd5+ 60. Kg4 Rg5+ 61. Kf4 Rxh5 62. Ra3 Rd5 63. Ke4
Rd8 64. Rh3+ Kg6 65. Rg3+ Kf7 66. Kd3 g6 67. Rg4 Kf6 68. Rf4+ Ke5 69. Rg4
Kf5 70. Rg1 g5 71. Rf1+ Kg6 72. Rg1 Rd5 73. Ke4 Rd8 74. Kd3 Rd7 75. Ra1 g4
76. Rg1 Kg5 77. Re1 g3 78. Re5+ Kg4 79. Re4+ Kh3 80. Re8 g2 81. Rh8+ Kg3 82.
Rg8+ Kh2 83. Rh8+ Kg1 {White resigns} 0-1

[Event "ICC tourney 2049 (75 10)"]
[Site "Internet Chess Club"]
[Date "2020.10.11"]
[Round "6"]
[White "GutsyEdge"]
[Black "Singireddy"]
[Result "1/2-1/2"]
[ICCResult "Game drawn by mutual agreement"]
[WhiteElo "1973"]
[BlackElo "2106"]
[Opening "King's Indian: accelerated Averbakh system"]
[ECO "E70"]
[NIC "KI.31"]
[Time "14:47:00"]
[TimeControl "4500+10"]

1. d4 Nf6 2. c4 g6 3. Nc3 Bg7 4. e4 d6 5. Bg5 O-O 6. Qd2 c5 7. d5 Nbd7 8.
Nf3 Ng4 9. h3 Nge5 10. Be2 Nxf3+ 11. Bxf3 Ne5 12. Be2 f5 13. O-O fxe4 14.
Nxe4 Bf5 15. Ng3 Bd7 16. Bh6 Bxh6 17. Qxh6 Rb8 18. Qe3 b5 19. cxb5 Bxb5 20.
Bxb5 Rxb5 21. f4 Nc4 22. Qe2 Rb4 23. a3 Rb3 24. Qxc4 Rxg3 25. Kf2 Rg5 26.
Kg1 Rgf5 27. Rae1 Qa8 28. Rxe7 {Game drawn by mutual agreement} 1/2-1/2

[Event "ICC tourney 2049 (75 10)"]
[Site "Internet Chess Club"]
[Date "2020.10.11"]
[Round "6"]
[White "Kausy"]
[Black "karuto2006"]
[Result "1-0"]
[ICCResult "Black resigns"]
[WhiteElo "1740"]
[BlackElo "1717"]
[Opening "Giuoco Piano"]
[ECO "C50"]
[NIC "IG.02"]
[Time "14:47:08"]
[TimeControl "4500+10"]

1. e4 e5 2. Nf3 Nc6 3. Bc4 Bc5 4. O-O Nf6 5. d3 h6 6. c3 O-O 7. Nbd2 d6 8.
Re1 Ng4 9. Re2 a6 10. Bb3 Be6 11. Bc2 f5 12. h3 Nf6 13. Nf1 fxe4 14. dxe4
Qe8 15. Ng3 Qg6 16. Kh2 Nh5 17. Nf5 Bxf5 18. exf5 Qf6 19. g4 Nf4 20. Bxf4
exf4 21. Re6 Qf7 22. Bb3 {Black resigns} 1-0

[Event "ICC tourney 2049 (75 10)"]
[Site "Internet Chess Club"]
[Date "2020.10.11"]
[Round "6"]
[White "kaspanama0375"]
[Black "PearsonH"]
[Result "1/2-1/2"]
[ICCResult "Game drawn by mutual agreement"]
[WhiteElo "1879"]
[BlackElo "1771"]
[Opening "Queen's pawn"]
[ECO "E06"]
[NIC "CA.05"]
[Time "14:46:59"]
[TimeControl "4500+10"]

1. d4 e6 2. Nf3 d5 3. g3 Nf6 4. Bg2 Be7 5. O-O O-O 6. c4 dxc4 7. Ne5 c5 8.
dxc5 Bxc5 9. Nxc4 Qe7 10. Bg5 h6 11. Bf4 Rd8 12. Qc2 Nd5 13. Bxb8 Rxb8 14.
a3 b6 15. e4 Nc7 16. b4 Bd4 17. Nc3 Bxc3 18. Qxc3 Nb5 19. Qe5 Ba6 20. Rad1
Rxd1 21. Rxd1 Rd8 22. Qa1 Nd6 23. Nxd6 Rxd6 24. Rxd6 Qxd6 25. e5 Qd2 26. Be4
{Game drawn by mutual agreement}
1/2-1/2

[Event "ICC tourney 2049 (75 10)"]
[Site "Internet Chess Club"]
[Date "2020.10.11"]
[Round "6"]
[White "Mrpeetapizza"]
[Black "sirking2800"]
[Result "1/2-1/2"]
[ICCResult "Game drawn by mutual agreement"]
[WhiteElo "1870"]
[BlackElo "1999"]
[Opening "Ruy Lopez: Worrall attack, solid line"]
[ECO "C86"]
[NIC "RL.13"]
[Time "14:47:22"]
[TimeControl "4500+10"]

1. e4 e5 2. Nf3 Nc6 3. Bb5 a6 4. Ba4 Nf6 5. O-O Be7 6. Qe2 b5 7. Bb3 d6 8.
c3 O-O 9. d4 Bg4 10. Rd1 Qc8 11. h3 Bh5 12. a4 Rb8 13. d5 Na5 14. Bc2 Nb7
15. b4 c5 16. Bd3 cxb4 17. cxb4 a5 18. Bxb5 axb4 19. a5 Nc5 20. Bc6 Nb3 21.
Ra2 Nd4 22. Rxd4 exd4 23. a6 b3 24. Ra3 Nd7 25. a7 Ra8 26. Bb2 Ne5 27. Bxa8
Nxf3+ 28. gxf3 Qxh3 29. Rxb3 Bf6 30. Bc6 Be5 31. f4 Qxb3 32. Qxh5 Qxb2
{Game drawn by mutual agreement}
1/2-1/2

[Event "ICC tourney 2049 (75 10)"]
[Site "Internet Chess Club"]
[Date "2020.10.11"]
[Round "6"]
[White "combusken1123"]
[Black "AJ2000"]
[Result "1-0"]
[ICCResult "Black resigns"]
[WhiteElo "1690"]
[BlackElo "1622"]
[Opening "Giuoco Piano"]
[ECO "C54"]
[NIC "IG.02"]
[Time "14:46:59"]
[TimeControl "4500+10"]

1. e4 e5 2. Nf3 Nc6 3. Bc4 Bc5 4. c3 Nf6 5. d4 exd4 6. cxd4 Bb4+ 7. Bd2 Nxe4
8. Bxb4 Nxb4 9. Bxf7+ Kxf7 10. Qb3+ d5 11. Ne5+ Ke6 12. Qxb4 c5 13. Qa3 Qg5
14. Qf3 Qc1+ 15. Ke2 Qxb2+ 16. Kd1 Qxa1 17. Qf7+ Kd6 18. dxc5+ Kxe5 19. f4+
Kd4 20. Qxg7+ Kxc5 21. Qxa1 Bg4+ 22. Kc1 Rac8 23. Kb2 Nf2 24. Rc1+ Kd6 25.
Rxc8 Rxc8 26. Ka3 Ne4 27. Qe5+ Kc5 28. Nc3 Nxc3 29. Qxc3+ Kd6 30. Qg7 Rc7
31. Qxg4 {Black resigns} 1-0

[Event "ICC tourney 2049 (75 10)"]
[Site "Internet Chess Club"]
[Date "2020.10.11"]
[Round "6"]
[White "DanielA1926"]
[Black "poohfur"]
[Result "0-1"]
[ICCResult "White checkmated"]
[WhiteElo "1516"]
[BlackElo "1728"]
[Opening "Queen's pawn, Mason variation"]
[ECO "D00"]
[NIC "QP.08"]
[Time "14:46:53"]
[TimeControl "4500+10"]

1. d4 d5 2. Bf4 e6 3. Nc3 Bd6 4. Bg3 c5 5. e3 Nf6 6. dxc5 Bxc5 7. Nf3 Nc6 8.
Bb5 O-O 9. O-O a6 10. Bxc6 bxc6 11. Ne5 Nd7 12. Nxc6 Qb6 13. Nd4 Qxb2 14.
Nde2 Nb6 15. Rb1 Qa3 16. Rb3 Qa5 17. Nd4 Bd7 18. Bc7 Rfc8 19. Bxb6 Bxb6 20.
Qd3 e5 21. Nde2 Be6 22. Rd1 d4 23. exd4 Bxb3 24. axb3 exd4 25. Na4 Ba7 26.
Qe4 Re8 27. Qf3 Qe5 28. Rd2 Bb8 29. Qxa8 Qxh2+ 30. Kf1 Qh1+ 31. Ng1 Qxg1+
32. Kxg1 Re1# {White checkmated} 0-1

[Event "ICC tourney 2049 (75 10)"]
[Site "Internet Chess Club"]
[Date "2020.10.11"]
[Round "6"]
[White "Gold-Finch123"]
[Black "sanjayselvam"]
[Result "0-1"]
[ICCResult "White resigns"]
[WhiteElo "1650"]
[BlackElo "1927"]
[Opening "Queen's pawn, Mason variation"]
[ECO "D00"]
[NIC "QP.08"]
[Time "14:47:36"]
[TimeControl "4500+10"]

1. d4 d5 2. Bf4 Nf6 3. e3 c5 4. c3 Nc6 5. Nd2 Bf5 6. Ngf3 e6 7. Qb3 Qb6 8.
Ne5 Be7 9. Bb5 Rc8 10. O-O O-O 11. Bg5 Rfd8 12. Rac1 c4 13. Qa4 Nb8 14.
Nexc4 dxc4 15. Nxc4 Rxc4 16. Bxc4 Qxb2 17. Qxa7 Nc6 18. Qa4 h6 19. Bxf6 Bxf6
20. f3 Bg5 21. f4 Be4 22. Be2 Qxe2 23. Rf2 Qxe3 24. Rf1 Bh4 25. g3 Bxg3 26.
Qb5 Bxf2+ 27. Rxf2 Bd3 28. Qb2 Qe1+ 29. Kg2 Be4+ 30. Kh3 Qe3+ 31. Kh4 g5+
{White resigns}
0-1

[Event "ICC tourney 2049 (75 10)"]
[Site "Internet Chess Club"]
[Date "2020.10.11"]
[Round "6"]
[White "spellking98"]
[Black "adchess"]
[Result "0-1"]
[ICCResult "White checkmated"]
[WhiteElo "2073"]
[BlackElo "1981"]
[Opening "Nimzovich-Larsen attack: modern variation"]
[ECO "A01"]
[NIC "VO.08"]
[Time "14:47:26"]
[TimeControl "4500+10"]

1. b3 e5 2. Bb2 Nc6 3. g3 d5 4. Bg2 Nf6 5. d3 Bc5 6. h3 O-O 7. Nd2 Re8 8. e4
dxe4 9. dxe4 b6 10. Ngf3 Bb7 11. O-O Qe7 12. c3 a5 13. Qc2 Rad8 14. Rfe1
Bxf2+ 15. Kxf2 Qc5+ 16. Re3 Nb4 17. Qb1 Rd3 18. Nc4 Nxe4+ 19. Ke2 Nxg3+ 20.
Kf2 Ne4+ 21. Ke2 Rxe3+ 22. Nxe3 Nd5 23. Nxd5 Qf2+ 24. Kd1 Bxd5 25. Qc2 Qg3
26. Ng5 Bxb3 27. Qxb3 Rd8+ 28. Kc2 Qd3+ 29. Kc1 Qe3+ 30. Kc2 Qe2+ 31. Kc1
Qe1+ 32. Kc2 Rd2# {White checkmated} 0-1

[Event "ICC tourney 2049 (75 10)"]
[Site "Internet Chess Club"]
[Date "2020.10.11"]
[Round "6"]
[White "saanvichess"]
[Black "IAlwaysWin"]
[Result "1-0"]
[ICCResult "Black resigns"]
[WhiteElo "1746"]
[BlackElo "1936"]
[Opening "Caro-Kann: exchange variation"]
[ECO "B13"]
[NIC "CK.02"]
[Time "14:47:23"]
[TimeControl "4500+10"]

1. e4 c6 2. d4 d5 3. exd5 cxd5 4. Bd3 Nc6 5. c3 g6 6. Bf4 Bf5 7. Nf3 Nf6 8.
Bxf5 gxf5 9. Nbd2 e6 10. O-O Bg7 11. Qe2 O-O 12. Bg3 Ne4 13. Ne5 Nxg3 14.
hxg3 Nxe5 15. dxe5 Rc8 16. Nf3 Rc4 17. Nd4 a6 18. f4 b5 19. g4 fxg4 20. Qxg4
Kh8 21. a3 Rg8 22. Qh5 Qe7 23. Rf3 Bf8 24. Rh3 Rg7 25. Rd1 Qc7 26. Kh2 a5
27. Rdd3 b4 28. Rdg3 f5 29. Nxe6 Qe7 30. Nxg7 {Black resigns} 1-0

[Event "ICC tourney 2049 (75 10)"]
[Site "Internet Chess Club"]
[Date "2020.10.11"]
[Round "6"]
[White "MARMAYOGI11"]
[Black "kaiclc"]
[Result "1-0"]
[ICCResult "Black resigns"]
[WhiteElo "2200"]
[BlackElo "2017"]
[Opening "Queen's bishop game"]
[ECO "D02"]
[NIC "QP.06"]
[Time "14:47:02"]
[TimeControl "4500+10"]

1. d4 Nf6 2. Nf3 d5 3. Bf4 c6 4. c3 Qb6 5. Qc2 g6 6. Nbd2 Bf5 7. Qc1 Bg7 8.
h3 O-O 9. Ne5 Nbd7 10. g4 Be6 11. Be3 Qc7 12. f4 Ne4 13. Nxe4 dxe4 14. Bg2
f5 15. gxf5 gxf5 16. Bf2 b5 17. Bf1 a5 18. Rg1 Nxe5 19. dxe5 b4 20. Bc5 Rab8
21. c4 a4 22. b3 Rf7 23. Qe3 Qa5 24. Rc1 Rb7 25. Kf2 axb3 26. axb3 Rd7 27.
h4 Qa2 28. Bxb4 Rb7 29. Qc5 Bd7 30. Rg3 Kh8 31. Qa5 Qxa5 32. Bxa5 Bh6 33.
Bd2 e3+ 34. Bxe3 Rxb3 35. e6 Rxe3 36. exd7 Rxg3 37. d8=Q+ Rg8 38. Qd4+ Rf6
39. e3 Rg4 40. Be2 Rxh4 41. Kg3 Bg7 42. Qd8+ Rf8 43. Qxf8+ {Black resigns}
1-0

[Event "ICC tourney 2049 (75 10)"]
[Site "Internet Chess Club"]
[Date "2020.10.11"]
[Round "6"]
[White "jairam09"]
[Black "KnightowlCul8r"]
[Result "1-0"]
[ICCResult "Black checkmated"]
[WhiteElo "1822"]
[BlackElo "1861"]
[Opening "Old Indian: Tartakower (Wade) variation"]
[ECO "A41"]
[NIC "QO.17"]
[Time "14:47:26"]
[TimeControl "4500+10"]

1. d4 d6 2. Nf3 Bg4 3. e3 Bxf3 4. Qxf3 c6 5. c4 Nd7 6. Nc3 Ngf6 7. Bd3 e5 8.
b3 Qc7 9. Bb2 Be7 10. O-O O-O-O 11. Rfc1 h5 12. a3 g5 13. b4 Rdg8 14. d5 c5
15. Nb5 Qd8 16. Nxa7+ Kb8 17. Nb5 g4 18. Qd1 h4 19. Qa4 Qb6 20. Nc3 g3 21.
fxg3 hxg3 22. h3 Rh4 23. Nd1 Bf8 24. Rcb1 Qa7 25. Qxa7+ Kxa7 26. e4 Nh5 27.
Bc1 Nf4 28. Bxf4 Rxf4 29. Ra2 Bh6 30. Nc3 Ka6 31. Rf1 Rxf1+ 32. Kxf1 Be3 33.
Nb5 Rg6 34. Ke2 Bg1 35. Ra1 Bf2 36. Rf1 Rf6 37. Nc3 b6 38. Nd1 Bd4 39. Rf3
Rf4 40. Rxg3 Nf6 41. Rf3 Nh5 42. g3 Rf6 43. Rxf6 Nxf6 44. b5+ Ka5 45. Bc2
Ng8 46. Ne3 Bxe3 47. Kxe3 Nh6 48. Kf3 f6 49. h4 Nf7 50. Kg4 Ng5 51. hxg5
fxg5 52. Bd3 Ka4 53. Kxg5 Ka5 54. Kf5 Ka4 55. g4 Ka5 56. g5 Ka4 57. g6 Ka5
58. g7 Ka4 59. g8=Q Kb3 60. Qg3 Ka2 61. Bc2 Kb2 62. Qb3+ Kc1 63. Bd3 Kd2 64.
Qc2+ Ke3 65. Qe2+ Kd4 66. Qc2 Ke3 67. Bf1 Kf3 68. Qe2+ Kg3 69. Qg2+ Kh4 70.
Qg3+ Kh5 71. Qg5# {Black checkmated} 1-0

[Event "ICC tourney 2049 (75 10)"]
[Site "Internet Chess Club"]
[Date "2020.10.11"]
[Round "6"]
[White "Roger436"]
[Black "Baseballchamp"]
[Result "0-1"]
[ICCResult "White resigns"]
[WhiteElo "1681"]
[BlackElo "2012"]
[Opening "Sicilian: Kan, 5.Nc3"]
[ECO "B43"]
[NIC "SI.41"]
[Time "14:47:12"]
[TimeControl "4500+10"]

1. e4 c5 2. Nf3 e6 3. d4 cxd4 4. Nxd4 a6 5. Nc3 Qc7 6. Be3 Bb4 7. Qd2 Nf6 8.
f3 d5 9. Bd3 e5 10. Nb3 d4 11. Nxd4 exd4 12. Bxd4 Nc6 13. Be3 Ne5 14. Be2
Nc4 15. Bxc4 Qxc4 16. a3 Bxc3 17. bxc3 Be6 18. Rd1 O-O 19. Bd4 Rad8 20. Qg5
h6 21. Qg3 Ne8 22. Kf2 f6 23. Rhe1 Qc7 24. e5 f5 25. Rb1 b5 26. Kg1 Qe7 27.
Qf2 Rc8 28. a4 Bc4 29. axb5 Bxb5 30. Qd2 Qe6 31. Red1 Qd5 32. Qe3 Qe6 33.
Rd2 Nc7 34. Bc5 Rfd8 35. Rbd1 Rxd2 36. Rxd2 Qc4 37. Qf2 Nd5 38. Bd6 Qxc3 39.
h3 Bc4 40. Bc5 Rxc5 41. Qxc5 Qxd2 42. Qxc4 Qe1+ 43. Kh2 Qxe5+ 44. Kg1 Kh7
45. Qf1 a5 46. c4 Qd4+ 47. Kh1 Ne3 48. Qb1 Qxc4 49. Kh2 Qf4+ 50. Kg1 Qg3 51.
Qa2 Qxg2+ 52. Qxg2 Nxg2 53. Kxg2 a4 54. Kg3 a3 55. Kf4 a2 56. Kxf5 a1=Q 57.
Ke6 Kg6 58. f4 Qf6+ {White resigns} 0-1

[Event "ICC tourney 2049 (75 10)"]
[Site "Internet Chess Club"]
[Date "2020.10.11"]
[Round "6"]
[White "bg26723"]
[Black "Heliosis"]
[Result "0-1"]
[ICCResult "White resigns"]
[WhiteElo "1893"]
[BlackElo "1880"]
[Opening "Giuoco Pianissimo"]
[ECO "C55"]
[NIC "IG.01"]
[Time "14:47:05"]
[TimeControl "4500+10"]

1. e4 e5 2. Nf3 Nc6 3. Bc4 Nf6 4. d3 Bc5 5. O-O d6 6. h3 a6 7. Bg5 h6 8. Bh4
g5 9. Nxg5 hxg5 10. Bxg5 Rg8 11. h4 Bg4 12. Qd2 Nd4 13. Nc3 c6 14. Kh1 Be6
15. f4 Bxc4 16. dxc4 Ne6 17. fxe5 Nxg5 18. Rxf6 Qe7 19. Qf4 dxe5 20. Qf5 Ne6
21. Rf1 O-O-O 22. g4 Rd7 23. Ne2 Rd2 24. Ng3 Rd7 25. Nh5 Nd4 26. Qh7 Rxg4
27. Ng7 Ne2 28. Kh2 Bg1+ {White resigns} 0-1

[Event "ICC tourney 2049 (75 10)"]
[Site "Internet Chess Club"]
[Date "2020.10.11"]
[Round "6"]
[White "IndianTerritory"]
[Black "HR2005"]
[Result "1-0"]
[ICCResult "Black resigns"]
[WhiteElo "2089"]
[BlackElo "1998"]
[Opening "Sicilian: Najdorf, Byrne (English) attack"]
[ECO "B90"]
[NIC "SI.14"]
[Time "14:46:54"]
[TimeControl "4500+10"]

1. e4 c5 2. Nf3 d6 3. d4 cxd4 4. Nxd4 Nf6 5. Nc3 a6 6. Be3 Ng4 7. Bg5 h6 8.
Bh4 g5 9. Bg3 Nc6 10. Nxc6 bxc6 11. Be2 Ne5 12. Bxe5 dxe5 13. O-O Qc7 14.
Bc4 e6 15. Qf3 Be7 16. Rad1 Bb7 17. Qh5 Kf8 18. Ne2 Rd8 19. Ng3 Rd4 20. b3
Bb4 21. Qf3 Qd6 22. Rxd4 exd4 23. Rd1 Qe5 24. Qd3 c5 25. Bxa6 Bc6 26. Bb5
Bb7 27. f3 h5 28. Qe2 h4 29. Nh1 h3 30. g4 Bc3 31. Nf2 Ke7 32. a4 Qd6 33. e5
Qb8 34. Ne4 Qxe5 35. Nxc3 Qxe2 36. Nxe2 Bxf3 37. b4 cxb4 38. Rxd4 Rc8 39.
Rc4 Rxc4 40. Bxc4 Bxg4 41. a5 Bf3 42. a6 Kd6 43. Kf2 g4 44. Nd4 Ba8 45. Nb3
f5 46. Kg3 e5 47. Nd2 e4 48. Be2 Ke5 49. Nc4+ Kd4 50. Bf1 Kc3 51. Ne3 Kd2
52. Kf4 g3 53. hxg3 h2 54. Bg2 Ke2 55. Nxf5 Kf2 56. Ne3 Kg1 57. g4 h1=Q 58.
Bxh1 Kxh1 {Black resigns} 1-0

[Event "ICC tourney 2049 (75 10)"]
[Site "Internet Chess Club"]
[Date "2020.10.11"]
[Round "6"]
[White "Chessking2008"]
[Black "Arsalchess"]
[Result "1-0"]
[ICCResult "Black resigns"]
[WhiteElo "2183"]
[BlackElo "1919"]
[Opening "English opening"]
[ECO "A22"]
[NIC "EO.10"]
[Time "14:47:48"]
[TimeControl "4500+10"]

1. c4 e5 2. Nc3 Nf6 3. a3 d5 4. cxd5 Nxd5 5. e3 Be6 6. Nf3 Nc6 7. Bb5 Bd6 8.
d4 Nxc3 9. bxc3 exd4 10. exd4 a6 11. Bd3 Bg4 12. O-O O-O 13. Rb1 Rb8 14. h3
Bh5 15. Be3 Qf6 16. a4 h6 17. Re1 Ne7 18. c4 Nc6 19. g4 Bg6 20. Bxg6 fxg6
21. Kg2 Kh7 22. c5 Bf4 23. d5 Rbd8 24. Rxb7 Ne7 25. d6 Nc6 26. Rxc7 Rc8 27.
Rxc8 Rxc8 28. Qd5 Nb4 29. Qb7 Nd3 30. Qxc8 Nxe1+ 31. Nxe1 Bxe3 32. fxe3 Qb2+
33. Kf3 Qd2 34. Ng2 Qd5+ 35. Kf2 Qa2+ 36. Kg3 Qd5 37. Qe8 Qxc5 38. d7 Qd6+
39. Nf4 g5 40. Qg6+ {Black resigns} 1-0

[Event "ICC tourney 2049 (75 10)"]
[Site "Internet Chess Club"]
[Date "2020.10.11"]
[Round "6"]
[White "pawnpush202044"]
[Black "Vish1080"]
[Result "1/2-1/2"]
[ICCResult "Game drawn by mutual agreement"]
[WhiteElo "1941"]
[BlackElo "1675"]
[Opening "English: closed system"]
[ECO "A25"]
[NIC "EO.24"]
[Time "14:47:14"]
[TimeControl "4500+10"]

1. c4 e5 2. g3 Nc6 3. Bg2 g6 4. Nc3 Bg7 5. e3 f5 6. Nge2 Nge7 7. O-O O-O 8.
d4 e4 9. Nf4 Kh8 10. Rb1 Bh6 11. Nfd5 Nxd5 12. Nxd5 Ne7 13. Nxe7 Qxe7 14. b3
b6 15. Bb2 Bg7 16. Qd2 Bb7 17. d5 Bxb2 18. Qxb2+ Qg7 19. Rfd1 Qxb2 20. Rxb2
a5 21. a3 d6 22. h4 h6 23. Kf1 g5 24. hxg5 hxg5 25. Ke2 Kg7 26. Rh1 Rh8 27.
Rbb1 Rxh1 28. Rxh1 Rh8 29. Rxh8 Kxh8 30. g4 Bc8 31. gxf5 Bxf5 32. Kd2 Kg7
33. Kc3 Kf6 34. Kd4 Bg4 35. Bxe4 Bd1 36. b4 axb4 37. axb4 Be2 38. c5 bxc5+
39. bxc5 Bb5 40. c6 Be2 41. Bc2 Bf3 42. Bd3 Bg4 43. f4 Bc8 44. fxg5+ Kxg5
45. Bf1 Kg4 46. Be2+ Kg3 47. Bd3 Kf3 {Game drawn by mutual agreement}
1/2-1/2

[Event "ICC tourney 2049 (75 10)"]
[Site "Internet Chess Club"]
[Date "2020.10.11"]
[Round "6"]
[White "KittiesRock18"]
[Black "chesslead"]
[Result "0-1"]
[ICCResult "White resigns"]
[WhiteElo "1551"]
[BlackElo "2087"]
[Opening "Philidor: Improved Hanham variation"]
[ECO "B07"]
[NIC "VO.17"]
[Time "14:47:04"]
[TimeControl "4500+10"]

1. e4 d6 2. Nf3 Nf6 3. Nc3 Nbd7 4. d4 e5 5. Bc4 Be7 6. O-O c6 7. dxe5 dxe5
8. Be3 b5 9. Bb3 Qc7 10. Qe2 O-O 11. a3 h6 12. Nh4 Nc5 13. Bxc5 Bxc5 14. Nf5
Bxf5 15. exf5 Rad8 16. Rfd1 Bd4 17. Re1 a6 18. Qf3 c5 19. Re2 c4 20. Ba2
Bxc3 21. Qxc3 Rd4 22. Qg3 Rg4 23. Qxe5 Qc6 24. f3 Qxf3 25. Rae1 Re8 26.
Qxe8+ Nxe8 27. Rxe8+ Kh7 28. R8e2 Qd5 29. Rf2 Qd4 30. c3 Qc5 31. Kf1 Qc7 32.
g3 Qb7 33. Bb1 Qh1+ 34. Ke2 Qd5 35. Rd1 Qe5+ 36. Kf3 h5 37. Rfd2 f6 38. Rd7
a5 39. R1d5 Qe1 40. Rd1 Qe5 41. R1d5 Qb8 42. Rd8 Qb7 43. Rd6 b4 44. cxb4
axb4 45. h3 Rd4 46. Rd7 Qxd5+ 47. Rxd5 Rxd5 48. axb4 Rb5 49. Ba2 Rxb4 50.
Ke3 Ra4 51. Bb1 Rb4 52. Ba2 Kh6 53. Kd4 Rxb2 54. Bxc4 Kg5 55. Ke4 Rh2 56.
Bf1 Rf2 57. Bd3 h4 58. gxh4+ Kxh4 59. Ke3 Rh2 60. Bc4 Rxh3+ 61. Kf4 Ra3 62.
Bf7 Ra4+ 63. Ke3 Kg5 64. Be6 Rf4 65. Bc8 Rxf5 {White resigns} 0-1

[Event "ICC tourney 2049 (75 10)"]
[Site "Internet Chess Club"]
[Date "2020.10.11"]
[Round "6"]
[White "investigator"]
[Black "kapilank"]
[Result "0-1"]
[ICCResult "White resigns"]
[WhiteElo "2074"]
[BlackElo "1844"]
[Opening "English, 1...Nf6 (Anglo-Indian defense)"]
[ECO "E62"]
[NIC "KI.75"]
[Time "14:47:02"]
[TimeControl "4500+10"]

1. c4 Nf6 2. g3 g6 3. Bg2 Bg7 4. Nc3 O-O 5. Nf3 d6 6. d4 c6 7. O-O d5 8. Re1
dxc4 9. e4 Na6 10. Ne5 Nh5 11. Be3 Bxe5 12. dxe5 Nb4 13. Qe2 Nd3 14. Red1
Qa5 15. f4 Ng7 16. a3 Rd8 17. b4 Qc7 18. Na4 b6 19. Nb2 Bg4 20. Qxg4 Nxb2
21. Rd4 Ne6 22. Rxd8+ Rxd8 23. f5 Ng7 24. e6 gxf5 25. exf5 Qe5 26. Bh6 fxe6
27. fxe6 Qf6 28. Bg5 Qxe6 29. Qxe6+ Nxe6 30. Bxe7 Rd3 31. Bf6 c3 32. Be4 c2
33. Bxd3 Nxd3 34. Kf1 c1=Q+ 35. Rxc1 Nxc1 36. Ke1 Kf7 37. Bh8 Nb3 38. Ke2
Nbd4+ 39. Kd3 Nb5 40. a4 Nbc7 41. Be5 a6 42. Kc4 b5+ 43. axb5 axb5+ 44. Kd3
Nd5 45. Bd6 Ke8 46. Ke4 Kd7 47. Ke5 Ne3 48. Bb8 Ng4+ 49. Kf5 Nxh2 50. g4 Nf3
51. Bg3 Nfd4+ 52. Kf6 Nc2 53. g5 Nxb4 54. g6 hxg6 55. Kxg6 c5 56. Kf5 c4 57.
Be5 Nc6 58. Bf6 b4 59. Ke4 Kd6 60. Ke3 Kd5 61. Bb2 Ncd4 62. Kd2 Nc5 63. Kc1
c3 64. Ba1 Ncb3+ 65. Kb1 c2+ 66. Ka2 c1=Q 67. Bxd4 Nd2 {White resigns} 0-1

[Event "ICC tourney 2049 (75 10)"]
[Site "Internet Chess Club"]
[Date "2020.10.11"]
[Round "6"]
[White "CARTERD253"]
[Black "dzchess01"]
[Result "0-1"]
[ICCResult "White resigns"]
[WhiteElo "2124"]
[BlackElo "1918"]
[Opening "Nimzo-Indian: Fischer variation, 5.Ne2"]
[ECO "E44"]
[NIC "NI.13"]
[Time "14:46:58"]
[TimeControl "4500+10"]

1. d4 Nf6 2. c4 e6 3. Nc3 Bb4 4. e3 b6 5. Ne2 Bb7 6. a3 Bxc3+ 7. Nxc3 O-O 8.
f3 d5 9. Bd3 c5 10. O-O Nc6 11. dxc5 bxc5 12. cxd5 exd5 13. Qc2 Qe7 14. Re1
c4 15. Bf1 Nd4 16. Qf2 Nb3 17. Rb1 Rac8 18. Bd2 Rfd8 19. Nb5 Qc5 20. Nd4
Nxd4 21. exd4 Qb6 22. Bb4 Re8 23. Qd2 Re6 24. Rxe6 fxe6 25. Re1 Re8 26. Bc5
Qa6 27. b3 Nd7 28. Qb4 Nxc5 29. dxc5 Qc6 30. bxc4 d4 31. Bd3 Qc7 32. Qb1 h6
33. Qb2 e5 34. Qb1 Bc8 35. f4 Qxc5 36. Qb5 Qxb5 37. cxb5 Bb7 38. Bc4+ Kf8
39. fxe5 Ke7 40. Rf1 Rc8 41. Rf7+ Ke8 42. Rxb7 Rxc4 43. Rxa7 d3 44. e6 d2
45. Rd7 Rc1+ 46. Kf2 d1=Q {White resigns} 0-1

[Event "ICC tourney 2049 (75 10)"]
[Site "Internet Chess Club"]
[Date "2020.10.11"]
[Round "6"]
[White "ShadowApt"]
[Black "ryanwang"]
[Result "1-0"]
[ICCResult "Black resigns"]
[WhiteElo "2088"]
[BlackElo "1835"]
[Opening "Sicilian: closed, 2...Nc6"]
[ECO "B23"]
[NIC "SI.44"]
[Time "14:46:55"]
[TimeControl "4500+10"]

1. e4 c5 2. Nc3 Nc6 3. Bb5 Nd4 4. Nf3 a6 5. Bd3 g6 6. Nxd4 cxd4 7. Ne2 Bg7
8. c3 dxc3 9. dxc3 d6 10. O-O Nf6 11. f4 O-O 12. h3 Bd7 13. Be3 Bc6 14. Ng3
b5 15. Qd2 Qc7 16. f5 Nd7 17. Bh6 Ne5 18. Be2 d5 19. Bxg7 Kxg7 20. exd5 Rad8
21. fxg6 hxg6 22. Nf5+ gxf5 23. Qg5+ Ng6 24. dxc6 Qxc6 25. Rxf5 Qe4 26. Bh5
Rd3 27. Bxg6 fxg6 28. Re5 Qc6 29. Rxe7+ Kg8 30. Rae1 Qb6+ 31. Kh1 Qd6 32.
Qh6 Rf1+ 33. Rxf1 Qxe7 34. Qxg6+ {Black resigns} 1-0

[Event "ICC tourney 2049 (75 10)"]
[Site "Internet Chess Club"]
[Date "2020.10.11"]
[Round "6"]
[White "winner08"]
[Black "Zuiopal"]
[Result "0-1"]
[ICCResult "White checkmated"]
[WhiteElo "1783"]
[BlackElo "1727"]
[Opening "Caro-Kann: Tartakower (Nimzovich) variation"]
[ECO "B15"]
[NIC "CK.06"]
[Time "14:47:18"]
[TimeControl "4500+10"]

1. e4 c6 2. d4 d5 3. Nc3 dxe4 4. Nxe4 Nf6 5. Nxf6+ exf6 6. Nf3 Bd6 7. c3 O-O
8. Be2 Bg4 9. O-O Qc7 10. h3 Bh5 11. Be3 Nd7 12. Nd2 Bxe2 13. Qxe2 Rfe8 14.
Rfe1 f5 15. g3 Bxg3 16. fxg3 Qxg3+ 17. Qg2 Rxe3 18. Rxe3 Qxe3+ 19. Kh1 Re8
20. Rg1 g6 21. Nf3 Qf4 22. Ng5 Qd6 23. Qf2 Qf6 24. Nf3 Re4 25. Ng5 Re8 26.
Nf3 h6 27. Qd2 f4 28. Qd3 Re3 29. Qd1 Qf5 30. Qf1 Qe4 31. Kg2 Nf6 32. Kf2
Qxf3# {White checkmated} 0-1

[Event "ICC tourney 2049 (75 10)"]
[Site "Internet Chess Club"]
[Date "2020.10.11"]
[Round "6"]
[White "abi2009"]
[Black "rockinroll"]
[Result "0-1"]
[ICCResult "White checkmated"]
[WhiteElo "1720"]
[BlackElo "1817"]
[Opening "French: advance variation"]
[ECO "C02"]
[NIC "FR.03"]
[Time "14:46:52"]
[TimeControl "4500+10"]

1. e4 e6 2. d4 d5 3. e5 c5 4. c3 Nc6 5. a3 Qb6 6. Nf3 cxd4 7. cxd4 Nge7 8.
Nc3 Nf5 9. Be3 a6 10. Be2 Be7 11. O-O O-O 12. Na4 Qc7 13. Rc1 f6 14. Bf4 Qd8
15. g4 fxe5 16. Bxe5 Nh6 17. Nd2 Nxe5 18. dxe5 b5 19. Nc5 Qb6 20. b4 Bb7 21.
Ndb3 Bg5 22. Rc2 Bf4 23. Qd4 Bc8 24. h3 g5 25. Re1 Nf7 26. Bf3 Qd8 27. Bg2
Nh8 28. Nxe6 Bxe6 29. Nc5 Re8 30. Nxe6 Rxe6 31. Bxd5 Kf8 32. Qc5+ Re7 33.
Bxa8 Qxa8 34. e6 Ng6 35. Rd1 Qe4 36. Rd8+ Kg7 37. Qc3+ Be5 38. Qd2 Nf4 39.
Kf1 Qh1# {White checkmated} 0-1